 Dungeon Crawl Stone Soup version 0.24.0-13-gcf9b319 (webtiles) character file.

Game seed: 14319147179434548699, levelgen mode: deterministic

42 Fortress the Conjurer (level 3, 0/26 HPs)
             Began as a Draconian Conjurer on Jan 24, 2020.
             Slain by a goblin
             ... wielding a +0 club
             ... led by Robin
              (3 damage)
             ... on level 2 of the Dungeon.
             The game lasted 00:04:34 (1059 turns).

Fortress the Conjurer (Draconian Conjurer)          Turns: 1059, Time: 00:04:35

Health: 0/26       AC:  5    Str: 10    XL:     3   Next: 35%
Magic:  0/6        EV: 12    Int: 16    God:
Gold:   46         SH:  0    Dex: 11    Spells: 5/6 levels left

rFire    . . .     SeeInvis .   c - +0 short sword
rCold    . . .     Gourm    .   (no shield)
rNeg     . . .     Faith    .   (armour unavailable)
rPois    .         Spirit   .   (helmet restricted)
rElec    .         Reflect  .   (no cloak)
rCorr    .         Harm     .   (no gloves)
MR       .....                  (no boots)
Stlth    ++........             (no amulet)
HPRegen  0.08/turn              (no ring)
MPRegen  0.10/turn              (no ring)

@: no status effects
A: unfitting armour, cold-blooded, AC +5
a: no special abilities


You were on level 2 of the Dungeon.
You were not hungry.

You visited 1 branch of the dungeon, and saw 2 of its levels.

You collected 46 gold pieces.

Inventory:

Hand Weapons
 c - a +0 short sword (weapon)
Scrolls
 d - 3 scrolls of identify {unknown}
 f - 2 scrolls of teleportation {unknown}
Potions
 a - a potion of brilliance {unknown}
 e - 2 potions of heal wounds {unknown}
Comestibles
 b - 2 rations
 g - 2 chunks of flesh


   Skills:
 + Level 2.0 Dodging
 + Level 1.9 Stealth
 + Level 2.2 Spellcasting
 + Level 4.8 Conjurations


You had 5 spell levels left.
You knew the following spells:

 Your Spells              Type           Power        Failure   Level  Hunger
a - Magic Dart            Conj           ###.         2%          1    #......

Your spell library contained the following spells:

 Spells                   Type           Power        Failure   Level  Hunger
 Searing Ray              Conj           ###...       4%          2    ###....
 Dazzling Spray           Conj/Hex       #.....       22%         3    ###....
 Iskenderun's Mystic Bla  Conj           ###.....     26%         4    #####..
 Force Lance              Conj/Tloc      #.......     58%         4    #####..
 Fulminant Prism          Conj/Hex       #.........   58%         4    #####..


Dungeon Overview and Level Annotations

Branches:
Dungeon (2/15)

Altars:

Annotations:
D:2 Robin, Sigmund


Innate Abilities, Weirdness & Mutations

Your plain brown scales are hard. (AC +5)
You cannot fit into any form of body armour.
You are cold-blooded and may be slowed by cold attacks.


Message History

The goblins go into a battle-frenzy!
The hobgoblin closely misses you.
You hit the goblin.
You kill the goblin!
The hobgoblin hits you with a +0 club. Robin throws the goblin at you!
The hobgoblin barely misses you. The goblin hits you.
You hit the goblin.
The goblin is severely wounded.
The hobgoblin hits you with a +0 club. The goblin hits you.
The hobgoblin hits you with a +0 club!
* * * LOW HITPOINT WARNING * * *
You hit the goblin.
You kill the goblin!
The hobgoblin closely misses you. The hobgoblin misses you.
You barely miss the hobgoblin. The hobgoblin barely misses you.
The hobgoblin closely misses you.
You barely miss the hobgoblin. Robin throws the goblin at you!
* * * LOW HITPOINT WARNING * * *
The goblin hits you with a +0 club.
You die...

... ##.#####
#.#####..#
#..#....#####
#............
##..#####.##.
#..## #
####### ##.##
....ggg####..#
...g.gg@)...##
########g...#
####....#
.....#
##.#....
#.###### #.#
... .@.


You could see Robin, 3 hobgoblins and 3 goblins.

Vanquished Creatures
  A leopard gecko (D:1)
  6 bats
  A giant cockroach (D:1)
  8 goblins
  5 hobgoblins
  4 jackals (D:2)
  2 kobolds (D:1)
  A ball python (D:1)
  6 frilled lizards (D:1)
  5 rats (D:1)
39 creatures vanquished.

Notes
Turn   | Place    | Note
-------+----------+-------------------------------------------
     0 | D:1      | Fortress the Draconian Conjurer began the quest for the
                  | Orb.
     0 | D:1      | Reached XP level 1. HP: 14/14 MP: 3/3
   225 | D:1      | Reached XP level 2. HP: 20/20 MP: 0/5
   951 | D:2      | Reached XP level 3. HP: 26/26 MP: 4/6
  1039 | D:2      | Noticed Sigmund
  1047 | D:2      | Noticed Robin
  1059 | D:2      | Slain by a goblin

Levels and vault maps discovered:
D:1:      tarquinn_simple_flora_water_f, layout_loops_ring, minmay_lizard_king
D:2:      layout_rooms, lemuel_zombie_altar_yredelemnul, first_ration,
          uniq_sigmund, uniq_robin

Skill      XL: |  1  2  3 |
---------------+----------+-----
Dodging        | 2 |  2.0
Stealth        | |  1.9
Spellcasting   | |  2.2
Conjurations   | |  4.8

Action                   || total
-------------------------++-------
Melee: Unarmed           ||     6
       Tailslap          ||     1
       Short sword       ||    38
 Cast: Magic Dart        ||    57
  Eat: Chunk             ||     1
Armor: Skin              ||    27
Dodge: Dodged            ||    55
